 Dungeon Crawl Stone Soup version 0.28-a0-1038-g9c4cb8273d (webtiles) character file.

Game seed: 1950425611648853748

147973 HoaS the Wrestler (level 17, -9/156 HPs)
             Began as a Ghoul Gladiator on Nov 30, 2021.
             Was the Champion of Makhleb.
             Shot with a bolt by a naga sharpshooter (29 damage)
             ... on level 4 of the Snake Pit on Dec 8, 2021.
             The game lasted 01:38:06 (30223 turns).

HoaS the Wrestler (Ghoul Gladiator)                Turns: 30223, Time: 01:38:06

Health: -9/156     AC: 28    Str: 36    XL:     17   Next: 48%
Magic:  16/16      EV: 13    Int:  7    God:    Makhleb [******]
Gold:   1810       SH:  5    Dex: 12    Spells: 16/16 levels left

rFire   . . .      SeeInvis .     - Unarmed
rCold   + + .      Faith    .   (no shield)
rNeg    + + +      Spirit   .   P - +5 plate armour {rC+}
rPois   ∞          Reflect  +   b - +2 helmet
rElec   .          Harm     .   (no cloak)
rCorr   .          Rampage  +   (no gloves)
Will    +....                   d - +2 pair of boots {rampage}
Stlth   ..........              f - amulet of reflection
HPRegen 0.00/turn               s - ring of Ololl {Str+6 Int+4}
MPRegen 0.15/turn               n - +6 ring of strength

@: inhibited regen, hasted, very quick
A: claws 1, cold resistance 1, negative energy resistance 3, inhibited
regeneration, torment resistance 2
a: Renounce Religion, Minor Destruction, Lesser Servant of Makhleb, Major
Destruction, Greater Servant of Makhleb


You were on level 4 of the Snake Pit.
You worshipped Makhleb.
Makhleb was exalted by your worship.
You visited 5 branches of the dungeon, and saw 28 of its levels.
You also visited: Bailey.

You collected 2566 gold pieces.
You spent 756 gold pieces at shops.

Inventory:

Missiles
 g - 5 datura-tipped darts
 l - 2 atropa-tipped darts
 x - 2 throwing nets (quivered)
 E - 4 javelins
 F - 3 silver javelins
 I - 23 poisoned darts
 L - 5 boomerangs
 M - 5 curare-tipped darts
Armour
 b - a +2 helmet (worn)
 d - a +2 pair of boots of rampaging (worn)
 P - a +5 plate armour of cold resistance (worn)
Jewellery
 f - an amulet of reflection (around neck)
 n - a +6 ring of strength (right claw)
 s - the ring of Ololl (left claw) {Str+6 Int+4}
   (You found it on level 5 of the Dungeon)

   [ring of strength]

   Str:       It affects your strength (+6).
   Int:       It affects your intelligence (+4).
 H - a +6 ring of dexterity
 K - a ring of protection from fire
 O - the ring "Vompafin" {rF+ rC+ Str+3}
   (You found it on level 2 of the Snake Pit)

   [ring of protection from fire]

   Str:       It affects your strength (+3).
   rF:        It protects you from fire.
   rC:        It protects you from cold.
Wands
 a - a wand of paralysis (22)
 c - a wand of iceblast (20)
 p - a wand of charming (27)
 q - a wand of polymorph (20)
 t - a wand of acid (5)
 u - a wand of digging (5)
 y - a wand of mindburst (29)
 N - a wand of flame (56)
Scrolls
 h - 5 scrolls of silence
 o - 9 scrolls of teleportation
 r - 2 scrolls of torment
 A - 19 scrolls of identify
 B - 3 scrolls of blinking
 C - 3 scrolls of magic mapping
 D - 2 scrolls of fear
 J - a scroll of fog
Potions
 i - 4 potions of haste
 j - a potion of cancellation
 k - 4 potions of flight
 m - a potion of invisibility
 v - 14 potions of curing
 w - 3 potions of might
 z - a potion of resistance
 G - 2 potions of attraction


   Skills:
 + Level 15.1 Fighting
 - Level 1.7 Throwing
 + Level 13.0 Armour
 + Level 13.0 Dodging
 * Level 21.9 Unarmed Combat


You had 16 spell levels left.
You didn't know any spells.
Your spell library contained the following spells:

 Spells                   Type           Power      Damage    Failure   Level
 Magic Dart               Conj           0%         1d3       91%         1
 Blink                    Tloc           0%         N/A       97%         2
 Call Imp                 Summ           0%         N/A       97%         2
 Ensorcelled Hibernation  Hex/Ice        0%         N/A       97%         2
 Scorch                   Fire           0%         2d5       97%         2
 Static Discharge         Conj/Air       0%         N/A       97%         2
 Conjure Flame            Conj/Fire      0%         6-21      99%         3
 Ignite Poison            Fire/Tmut/Pois 0%         N/A       99%         3
 Inner Flame              Hex/Fire       0%         N/A       99%         3
 Lesser Beckoning         Tloc           0%         N/A       99%         3
 Mephitic Cloud           Conj/Pois/Air  0%         N/A       99%         3
 Stone Arrow              Conj/Erth      0%         3d7       99%         3
 Animate Armour           Summ/Erth      0%         N/A       100%        4
 Animate Dead             Necr           0%         N/A       100%        4
 Cause Fear               Hex            0%         N/A       100%        4
 Sticky Flame             Conj/Fire      0%         2d3       100%        4
 Summon Ice Beast         Ice/Summ       0%         N/A       100%        4
 Summon Lightning Spire   Summ/Air       0%         N/A       100%        4
 Alistair's Intoxication  Tmut/Pois      0%         N/A       100%        5
 Borgnjor's Vile Clutch   Necr/Erth      0%         N/A       100%        5
 Fireball                 Conj/Fire      0%         3d3       100%        5
 Freezing Cloud           Conj/Ice/Air   0%         6-21      100%        5
 Lightning Bolt           Conj/Air       0%         1d11      100%        5
 Manifold Assault         Tloc           0%         N/A       100%        5
 Summon Mana Viper        Hex/Summ       0%         N/A       100%        5
 Death Channel            Necr           0%         N/A       100%        6
 Eringya's Noxious Bog    Tmut/Pois      0%         N/A       100%        6
 Monstrous Menagerie      Summ           0%         N/A       100%        7
 Discord                  Hex            0%         N/A       100%        8
 Lehudib's Crystal Spear  Conj/Erth      0%         10d2      100%        8
 Maxwell's Capacitive Co  Air            0%         ∞         100%        8
 Necromutation            Tmut/Necr      Unusable   N/A       N/A         8

Dungeon Overview and Level Annotations

Branches:
Dungeon (15/15)            Temple (1/1) D:5            Lair (6/6) D:10
 Shoals (0/4) Lair:4        Snake (4/4) Lair:4        Slime (0/5) Lair:6
    Orc (2/2) D:9             Elf (0/3) Orc:2        Vaults (0/5) D:14
 Depths (0/4) D:15         Bailey (visited)

Altars:
Ashenzari
Cheibriados
Dithmenos
Elyvilon
Fedhas
Gozag
Hepliaklqana
Kikubaaqudgha
Makhleb
Nemelex Xobeh
Okawaru
Qazlal
Ru
Sif Muna
Trog
Uskayaw
Vehumet
Wu Jian
Xom
Yredelemnul
Zin
The Shining One
Beogh

Shops:
D:3 (   D:7 (   D:14 =   Orc:2 (?:*   Snake:1 :(*   Snake:3 :


Innate Abilities, Weirdness & Mutations

You thrive by killing the living.
You are immune to poison.
You have sharp fingernails.
Your flesh is cold resistant. (rC+)
You are immune to negative energy. (rN+++)
You do not regenerate when monsters are visible.
You are immune to unholy pain and torment.


Message History

You closely miss the naga sharpshooter.
The naga sharpshooter is lightly wounded.
The naga barely misses you. The naga grabs you. The naga constricts you.
You block the naga's attack.
The naga sharpshooter spits poison at you.
The splash of poison hits you but does no damage.
You resist.
You feel yourself speed up. The naga hits you with a +0 war axe!
The naga constricts you.
The naga sharpshooter casts a spell.
The naga sharpshooter magically shoots a bolt.
The bolt hits you but does no damage.
The naga sharpshooter shoots a bolt.
The bolt hits you but does no damage.
You eviscerate the naga sharpshooter!!!
The naga sharpshooter is heavily wounded.
The naga warrior hits you with a +0 war axe!
* * * LOW HITPOINT WARNING * * *
You claw the naga sharpshooter!
The naga sharpshooter is severely wounded.
The naga sharpshooter no longer looks unusually strong. x2
The naga hits you with a +0 war axe.
* * * LOW HITPOINT WARNING * * *
The naga constricts you.
* * * LOW HITPOINT WARNING * * *
The naga sharpshooter shoots a bolt.
The bolt hits you!
* * * LOW HITPOINT WARNING * * *
You eviscerate the naga sharpshooter!!!
You kill the naga sharpshooter!
Makhleb accepts your kill.
You feel better.
The naga sharpshooter shoots a bolt.
The bolt misses you. You block the naga warrior's attack.
You block the naga's attack.
You escape the naga's grasp.
A naga sharpshooter comes into view. It is wielding a +0 scimitar.
The naga sharpshooter shouts!
The naga sharpshooter no longer looks unusually strong.
The naga no longer looks unusually strong.
The naga sharpshooter gestures wildly while chanting.
The naga sharpshooter magically shoots a bolt.
The bolt hits you!!
You die...

# ......... ...N.# #
......... #### .....##
###........##..##
N.....# ##......#
#.....## .......
.#.)..# ##......##
....... ###).###
#..[.....###N......
#.)#...###.........#.#
....#....##..........#
..........##...)@....#
.....####.##..NNNN..#.#
.....#
#.#......)N.##...
.....###.........###
.....
......##....####..#
...... .....###.##.#
##.# ...... ...####.#
### ### ....## #### ##


You could see a naga warrior, 3 naga sharpshooters and 2 nagas.

Vanquished Creatures
  Gastronok (Lair:1)
  Kirke (Lair:5)
  The ghost of t4s4d4r the Eclecticist, an adept DjEE of Gozag (D:11)
  3 nagarajas (Snake:2)
  A dire elephant (D:15)
  Azrael (D:13)
  A boulder beetle (Lair:6)
  Harold (Lair:1)
  9 anacondas
  5 naga warriors
  Fannar (Lair:1)
  9 hydras
  2 ogre magi (Orc:2)
  3 catoblepae
  2 dancing weapons (D:14)
  A death knight (D:13)
  15 two-headed ogres
  A deep troll shaman (Lair:6)
  4 tengu warriors
  3 centaur warriors
  4 death yaks
  10 naga sharpshooters
  5 shock serpents
  Sonja (Orc:2)
  A salamander mystic (Snake:2)
  8 skeletal warriors
  5 sea snakes
  2 deep trolls (Orc:2)
  6 naga ritualists
  An orange crystal statue (D:13)
  2 orc knights
  A deep elf zephyrmancer (D:10)
  4 mana vipers
  2 orc sorcerers
  4 deep elf pyromancers
  An oklob plant (Orc:2)
  16 ugly things
  5 manticores
  9 cyclopes
  A moth of wrath (D:11)
  6 salamanders
  12 elephants
  3 guardian serpents
  An ice statue (D:13)
  30 black mambas
  14 naga magi
  A gargoyle (D:6)
  Maggie (Lair:1)
  16 cane toads
  2 rime drakes
  3 kobold demonologists (D:13)
  2 unseen horrors (D:12)
  9 komodo dragons
  2 tengu conjurers
  A hornet (shapeshifter) (D:14)
  Prince Ribbit (D:8)
  14 trolls
  3 polar bears
  A hornet (D:10)
  12 blink frogs
  7 slime creatures
  A snapping turtle (Lair:4)
  2 meliai zombies
  A centaur simulacrum (D:12)
  3 shadows
  4 wyverns
  2 hogs (Lair:5)
  A wraith (D:9)
  A redback (shapeshifter) (D:12)
  28 yaks
  A vampire (D:11)
  A human (Lair:5)
  3 fire elementals (D:13)
  4 basilisks
  13 vampire mosquitoes
  53 nagas
  16 water moccasins
  5 wargs
  An acid dragon (D:14)
  4 hell hounds
  2 sky beasts
  3 swamp drakes
  25 orc warriors
  5 black bears
  7 wolves
  17 centaurs
  22 ogres
  4 boggarts (D:15)
  A phantom (D:5)
  2 kobold brigands
  7 bullfrogs
  A wyvern zombie (D:7)
  3 howler monkeys
  4 electric eels
  A crimson imp (D:10)
  3 centaur zombies
  A jelly (D:6)
  A bullfrog zombie (D:5)
  8 hounds
  10 orc priests
  An iron imp (D:10)
  3 centaur skeletons
  Jessica (D:2)
  A gnoll shaman (D:4)
  Natasha (twice) (D:2)
  3 iguanas
  24 orc wizards
  A hound skeleton (D:4)
  A hound zombie (D:5)
  A howler monkey zombie (D:8)
  15 adders
  8 gnolls
  2 shadow imps
  2 white imps
  4 ufetubi
  3 worms (D:4)
  4 dart slugs
  96 orcs
  4 bats
  5 endoplasms
  A giant cockroach (D:2)
  8 goblins
  9 hobgoblins
  10 jackals
  15 kobolds
  A quokka (D:1)
  3 ball pythons
  4 rats
  A spectral orc (D:4)
  A butterfly (Lair:3)
799 creatures vanquished.

Vanquished Creatures (others)
  A boulder beetle (D:12)
  A naga (Snake:2)
  3 orcs (D:10)
  31 fungi
  60 plants
96 creatures vanquished.

Grand Total: 895 creatures vanquished

Notes
Turn   | Place    | Note
-------+----------+-------------------------------------------
     0 | D:1      | HoaS the Ghoul Gladiator began the quest for the Orb.
     0 | D:1      | Reached XP level 1. HP: 17/17 MP: 0/0
   117 | D:1      | Reached XP level 2. HP: 25/25 MP: 1/1
   779 | D:2      | Reached XP level 3. HP: 28/30 MP: 2/2
   783 | D:2      | Noticed Jessica
   795 | D:2      | Killed Jessica
   796 | D:2      | Reached skill level 1 in Armour
   796 | D:2      | Reached skill level 4 in Unarmed Combat
   913 | D:2      | Reached XP level 4. HP: 32/37 MP: 3/3
  1399 | D:2      | Noticed Natasha
  1412 | D:2      | Killed Natasha
  1413 | D:2      | Reached skill level 5 in Unarmed Combat
  1413 | D:2      | Reached XP level 5. HP: 43/45 MP: 4/4
  1576 | D:2      | Noticed Natasha
  1581 | D:2      | Killed Natasha
  1650 | D:3      | Found a blossoming altar of Fedhas.
  1675 | D:3      | Noticed an ogre
  1685 | D:3      | Killed an ogre
  1686 | D:3      | Reached skill level 6 in Unarmed Combat
  1686 | D:3      | Reached XP level 6. HP: 51/51 MP: 5/5
  2047 | D:3      | Found Jalak's Antique Weapon Shop.
  2150 | D:3      | Found a faded altar of an unknown god.
  2150 | D:3      | Found a faded altar of an unknown god.
  2162 | D:3      | Found a hazy altar of Hepliaklqana.
  2162 | D:3      | Found a faded altar of an unknown god.
  2726 | D:4      | Reached XP level 7. HP: 57/57 MP: 6/6
  2822 | D:4      | Found a shimmering altar of Xom.
  2830 | D:4      | Reached skill level 7 in Unarmed Combat
  3359 | D:4      | Found a basalt altar of Yredelemnul.
  3490 | D:5      | Entered Level 5 of the Dungeon
  3612 | D:5      | Reached skill level 8 in Unarmed Combat
  3615 | D:5      | Identified the ring of Ololl {Str+6 Int+4}
  3752 | D:5      | Reached skill level 9 in Unarmed Combat
  3752 | D:5      | Reached XP level 8. HP: 56/63 MP: 7/7
  3995 | D:5      | Found a staircase to the Ecumenical Temple.
  4006 | Temple   | Entered the Ecumenical Temple
  4024 | Temple   | Became a worshipper of Makhleb the Destroyer
  4265 | D:6      | Noticed a two-headed ogre
  4377 | D:6      | Noticed a manticore
  4859 | D:7      | Noticed a wyvern
  4869 | D:7      | Killed a wyvern
  4897 | D:7      | Reached skill level 10 in Unarmed Combat
  5061 | D:7      | Reached XP level 9. HP: 72/72 MP: 8/8
  5105 | D:7      | Identified the +8 chain mail of Cell {rF- Int+9}
  5268 | D:7      | Found Ecuykum's Weapon Shoppe.
  5362 | D:7      | Noticed a two-headed ogre
  5394 | D:7      | Killed a two-headed ogre
  5394 | D:7      | Reached * piety under Makhleb
  5395 | D:7      | Reached skill level 5 in Fighting
  6096 | D:6      | Killed a two-headed ogre
  6097 | D:6      | Reached skill level 5 in Armour
  6097 | D:6      | Reached skill level 5 in Dodging
  6097 | D:6      | Reached skill level 11 in Unarmed Combat
  6134 | D:6      | Noticed a gargoyle
  6159 | D:6      | Killed a gargoyle
  6160 | D:6      | Reached XP level 10. HP: 69/83 MP: 9/9
  6224 | D:6      | Killed a manticore
  6226 | D:6      | Noticed a two-headed ogre
  6399 | D:6      | Killed a two-headed ogre
  6400 | D:6      | Reached skill level 12 in Unarmed Combat
  6885 | D:8      | Noticed Prince Ribbit
  6912 | D:8      | Killed Prince Ribbit
  7097 | D:8      | Noticed a two-headed ogre
  7173 | D:8      | Reached ** piety under Makhleb
  7266 | D:8      | Killed a two-headed ogre
  7382 | D:8      | Reached skill level 13 in Unarmed Combat
  7382 | D:8      | Reached XP level 11. HP: 78/92 MP: 10/10
  8071 | D:9      | Reached *** piety under Makhleb
  8094 | D:9      | Found a staircase to the Orcish Mines.
  8104 | D:9      | Found a shadowy altar of Dithmenos.
  8112 | D:9      | Noticed a two-headed ogre
  8143 | D:9      | Killed a two-headed ogre
  8271 | D:9      | Found a radiant altar of Vehumet.
  8437 | D:10     | Entered Level 10 of the Dungeon
  8565 | D:10     | Found a staircase to the Lair.
  8624 | D:10     | Found an ancient bone altar of Kikubaaqudgha.
  8773 | D:10     | Found a flagged portal.
  8789 | Bailey   | Entered a bailey
  8930 | Bailey   | Reached skill level 14 in Unarmed Combat
  9228 | Bailey   | Identified the +5 steam dragon scales of Good Intentions
                  | {+Blink}
  9361 | D:10     | Reached **** piety under Makhleb
  9398 | D:10     | Found a sparkling altar of Nemelex Xobeh.
  9422 | D:10     | Noticed a deep elf pyromancer
  9427 | D:10     | Killed a deep elf pyromancer
  9433 | D:10     | Noticed a deep elf zephyrmancer
  9436 | D:10     | Killed a deep elf zephyrmancer
  9477 | D:10     | Noticed a tengu warrior
  9501 | D:10     | Killed a tengu warrior
 10066 | D:10     | Found a broken altar of Ashenzari.
 10323 | Lair:1   | Entered Level 1 of the Lair of Beasts
 10323 | Lair:1   | Noticed Gastronok
 10335 | Lair:1   | Killed Gastronok
 10336 | Lair:1   | Reached XP level 12. HP: 81/104 MP: 11/11
 10353 | Lair:1   | Noticed Harold
 10498 | Lair:1   | Killed Harold
 10639 | Lair:1   | Noticed Maggie
 10648 | Lair:1   | Killed Maggie
 10670 | Lair:1   | Reached skill level 15 in Unarmed Combat
 10797 | Lair:1   | Noticed Fannar
 10808 | Lair:1   | Killed Fannar
 11125 | Lair:1   | Identified the +4 great mace of the Protecting Shrike
                  | {elec, Int+7}
 12216 | Lair:3   | Reached skill level 10 in Fighting
 12477 | Lair:3   | Reached skill level 16 in Unarmed Combat
 12477 | Lair:3   | Reached XP level 13. HP: 113/113 MP: 12/12
 12812 | Lair:3   | Got the Collected Works on Necromancy and the Blaze
 13647 | Lair:4   | Found a staircase to the Snake Pit.
 14784 | Lair:4   | Found a staircase to the Shoals.
 15019 | Lair:5   | Reached ***** piety under Makhleb
 15718 | Lair:6   | Entered Level 6 of the Lair of Beasts
 15718 | Lair:6   | Found a staircase to the Slime Pits.
 15898 | Lair:6   | Upgraded the game from 0.28-a0-957-g42eb19b844 to
                  | 0.28-a0-998-gb9e9c7b67e
 15933 | Lair:6   | Noticed Kirke
 15958 | Lair:5   | Reached skill level 17 in Unarmed Combat
 16063 | Lair:5   | Killed Kirke
 16564 | Lair:6   | Found the +7 captain's cutlass {speed, disarm}
 16886 | Lair:6   | Reached XP level 14. HP: 124/124 MP: 13/13
 17551 | Lair:5   | Reached skill level 10 in Armour
 17568 | Lair:5   | Reached skill level 10 in Dodging
 18113 | D:11     | Found a transporter.
 18114 | D:11     | Found a transporter.
 18247 | D:11     | Found a bloodstained altar of Trog.
 18247 | D:11     | Noticed t4s4d4r's ghost (adept DjEE)
 18620 | D:11     | Reached skill level 18 in Unarmed Combat
 19706 | D:12     | Found the +4 robe of Folly {Brilliance Will-∞ Int+8}
 19725 | D:12     | Identified the +5 long sword "Ysiojag" {vorpal, rF+}
 20488 | Orc:1    | Entered Level 1 of the Orcish Mines
 20489 | Orc:1    | Upgraded the game from 0.28-a0-998-gb9e9c7b67e to
                  | 0.28-a0-1002-gf00fe891ef
 20650 | Orc:2    | Entered Level 2 of the Orcish Mines
 20681 | Orc:2    | Noticed Sonja
 20688 | Orc:2    | Killed Sonja
 20810 | Orc:2    | Found a staircase to the Elven Halls.
 20952 | Orc:2    | Reached ****** piety under Makhleb
 20962 | Orc:2    | Reached XP level 15. HP: 85/134 MP: 6/14
 21211 | Orc:2    | Reached skill level 19 in Unarmed Combat
 21260 | Orc:2    | Paralysed by something for 3 turns
 21278 | Orc:2    | Paralysed by something for 4 turns
 21598 | Orc:2    | Found Suhit's Magic Scroll Shoppe.
 21600 | Orc:2    | Found Vaulirr's Antique Weapon Emporium.
 21603 | Orc:2    | Found Judyakuc's Book Shop.
 21614 | Orc:2    | Found Nall's Assorted Antiques.
 22029 | Orc:2    | Bought a scroll of blinking for 120 gold pieces
 22029 | Orc:2    | Bought a scroll of teleportation for 48 gold pieces
 23245 | D:13     | Upgraded the game from 0.28-a0-1002-gf00fe891ef to
                  | 0.28-a0-1033-g1a2f33fa85
 23797 | D:14     | Noticed Azrael
 24127 | D:13     | Killed Azrael
 24667 | D:14     | Got Sif Muna's Reference Book on the Entourage and Snow
 24833 | D:14     | Found a gate to the Vaults.
 24896 | D:14     | Found Kenid's Jewellery Shop.
 24899 | D:14     | Bought an amulet of reflection for 420 gold pieces
 24959 | D:14     | Reached skill level 20 in Unarmed Combat
 25092 | D:15     | Entered Level 15 of the Dungeon
 25471 | D:14     | Reached XP level 16. HP: 96/144 MP: 15/15
 26130 | D:15     | Found a staircase to the Depths.
 26392 | Snake:1  | Entered Level 1 of the Snake Pit
 26415 | Snake:1  | Found Yceufuy's Book Boutique.
 26423 | Snake:1  | Found Nolischost's Weapon Shop.
 26425 | Snake:1  | Found Kyegavefai's Assorted Antiques.
 26433 | Snake:1  | Bought a potion of curing for 84 gold pieces
 26433 | Snake:1  | Bought a potion of curing for 84 gold pieces
 26887 | Snake:1  | Upgraded the game from 0.28-a0-1033-g1a2f33fa85 to
                  | 0.28-a0-1038-g9c4cb8273d
 27020 | Snake:2  | Noticed a nagaraja
 27035 | Snake:2  | Killed a nagaraja
 27262 | Snake:2  | Noticed a nagaraja
 27279 | Snake:2  | Killed a nagaraja
 27316 | Snake:2  | Identified the ring "Vompafin" {rF+ rC+ Str+3}
 27407 | Snake:2  | Noticed a nagaraja
 27606 | Snake:2  | Reached skill level 21 in Unarmed Combat
 28607 | Snake:2  | Killed a nagaraja
 28678 | Snake:2  | Reached XP level 17. HP: 126/154 MP: 16/16
 28899 | D:11     | Killed t4s4d4r's ghost
 29522 | Snake:3  | Reached skill level 15 in Fighting
 29634 | Snake:3  | Found Unitrun's Book Shop.
 29870 | Snake:4  | Entered Level 4 of the Snake Pit
 30223 | Snake:4  | Shot with a bolt by a naga sharpshooter

Illustrated notes

Levels and vault maps discovered:
D:1:      eino_arrival_tree_alley, layout_basic
D:2:      layout_basic, uniq_natasha, uniq_jessica
D:3:      layout_loops_corners, mainiacjoe_overflow_brackets,
          nicolae_hepliaklqana_ecumenical_no_more, serial_shops,
          nicolae_shop_trees
D:4:      layout_basic, yredelemnul_forgotten_temple_becter,
          mainiacjoe_overflow_alcove_1
D:5:      layout_rooms, minmay_temple_entry_gardened_gates
D:6:      layout_basic
D:7:      minmay_flawed_box, layout_loops_ring, serial_shops,
          nicolae_shop_bloodbath_and_beyond
D:8:      layout_gridville, special_room [special_room_orc], uniq_prince_ribbit1
D:9:      layout_rooms, nicolae_dithmenos_shadow_blocks,
          overflow_temple_1_default, minmay_orc_entry_guard_dogs
D:10:     layout_basic, gammafunk_temple_overflow_pools, lemuel_doored_altar,
          mainiacjoe_overflow_paths, minmay_lair_entry_grove, enter_bailey_4,
          nicolae_lava_and_water, minmay_hedge_maze, hangedman_minor_magic
D:11:     layout_irregular_city, gammafunk_ghost_wrathful_warriors
D:12:     layout_roguey, serial_rivers, chequers_serial_rivers_marsh,
          chequers_serial_rivers_large_b, chequers_serial_rivers_marsh,
          chequers_serial_rivers_small_a, chequers_serial_rivers_small_3,
          minmay_pinched_square
D:13:     layout_stronghold, minmay_more_statues
D:14:     layout_cave_pools, erik_vaults_1, serial_shops,
          nicolae_shop_behind_doors, minmay_holes, uniq_azrael
D:15:     hangedman_depths_entry_try_elsewhere_first, layout_cave_pools
Temple:   nicolae_temple_no_exploring_needed
Lair:1:   layout_misc_corridors, grunt_megastairs_1, serial_bayou_shore_b,
          uniq_harold, uniq_fannar, uniq_maggie, uniq_gastronok
Lair:2:   layout_long_grid, grunt_megastairs_2
Lair:3:   layout_long_grid, grunt_megastairs_3, lemuel_fruit_fields
Lair:4:   layout_small_grid, minmay_shoals_entry_hut,
          minmay_snake_entry_guardpost_small, serial_bayou_shore_a
Lair:5:   layout_cave_pods
Lair:6:   grunt_lair_end_beastmaster, layout_gridlike, slime_dummy, pond,
          uniq_kirke
Snake:1:  layout_rooms, minmay_shop_star, lemuel_fruit_tree
Snake:2:  nicolae_sea_snake_s, layout_cave_town
Snake:3:  layout_misc_corridors, serial_shops, nicolae_shop_waterfront
Snake:4:  snake_pit_salamanders_mu, layout_chambers, nicolae_snake_boneroom
Orc:1:    layout_diamond_mine
Orc:2:    st_orc_open, layout_diamond_mine, mines3_lemuel, uniq_sonja

Skill      XL: |  1  2  3  4  5  6  7  8  9 10 11 12 13 14 15 16 17 |
---------------+----------------------------------------------------+-----
Armour         | 1 2 3 4 5 6 7 8 9 10 11 12 13 | 13.0
Dodging        | 3 4 5 6 7 8 9 10 11 12 13 | 13.0
Unarmed Combat | 4 5 6 9 10 11 13 14 16 17 18 20 21 | 21.9
Fighting       | 3 4 6 7 9 10 11 12 13 14 15 | 15.1
Throwing       | |  1.7

Action                   |  1- 3 |  4- 6 |  7- 9 | 10-12 | 13-15 | 16-18 || total
-------------------------+-------+-------+-------+-------+-------+-------++-------
Melee: Unarmed           |    67 |   185 |   263 |   569 |  1094 |   645 ||  2823
       Punch             |       |     1 |    13 |    43 |   152 |    84 ||   293
Throw: Throwing net      |       |     2 |     3 |     4 |     1 |       ||    10
       Dart              |       |     1 |     5 |    39 |       |       ||    45
       Boomerang         |       |       |       |   125 |       |       ||   125
Evoke: Wand              |       |       |       |       |     7 |       ||     7
  Use: Scroll            |       |     9 |     8 |     8 |    10 |     2 ||    37
       Potion            |       |       |       |     1 |     3 |     2 ||     6
 Stab: Held in net/web   |       |     2 |     1 |     1 |       |       ||     4
       Petrified         |       |       |       |       |     3 |       ||     3
Armor: Leather armour    |     8 |       |       |       |       |       ||     8
       Scale mail        |    11 |    68 |    77 |       |       |       ||   156
       Chain mail        |       |       |    70 |   242 |       |       ||   312
       Plate armour      |       |       |     9 |       |   127 |   332 ||   468
       Steam dragon scal |       |       |       |    81 |   376 |       ||   457
Dodge: Dodged            |    37 |    78 |   135 |   274 |   783 |   314 ||  1621
Block: Other             |       |       |       |       |    19 |   155 ||   174
       Reflection        |       |       |       |       |    12 |    21 ||    33

Table legend: (Time is in decaauts)
 A = Elapsed time spent in this place.
 B = Non-inter-level travel time spent in this place.
 C = Inter-level travel time spent in this place.
 D = Time resting spent in this place.
 E = Time spent auto-exploring this place.
 F = Levels seen in this place.
 G = Mean time per level.
                   A        B        C        D        E       F      G
               +--------+--------+--------+--------+--------+-----+--------+
         Total |  29563 |  27287 |   2276 |   6989 |  14243 |  29 | 1019.4 |
       Dungeon |  16009 |  14744 |   1265 |   3366 |   8088 |  15 | 1067.3 |
        Temple |     25 |     14 |     11 |      0 |      0 |   1 |   25.0 |
          Lair |   7656 |   7074 |    582 |   2021 |   3837 |   6 | 1276.0 |
     Snake Pit |   3257 |   3073 |    184 |    945 |   1258 |   4 |  814.2 |
  Orcish Mines |   2034 |   1802 |    232 |    598 |    806 |   2 | 1017.0 |
        Bailey |    580 |    580 |      0 |     59 |    253 |   1 |  580.0 |
               +--------+--------+--------+--------+--------+-----+--------+

Top non-repeatable levels by time:
    D:13: 1746 daAuts
 Snake:2: 1729 daAuts
   Orc:2: 1652 daAuts
    D:10: 1531 daAuts
  Lair:6: 1518 daAuts
  Lair:4: 1473 daAuts
  Lair:5: 1463 daAuts
    D:11: 1442 daAuts
  Lair:3: 1310 daAuts
    D:12: 1301 daAuts
  Lair:1: 1275 daAuts
     D:7: 1187 daAuts
     D:6: 1160 daAuts
     D:8: 1019 daAuts
     D:5: 1004 daAuts
